 Dungeon Crawl Stone Soup version 0.28-a0-1038-g9c4cb8273d (webtiles) character file.

Game seed: 2785316156752502713

139 yoda5477 the Slasher (level 5, 41/41 HPs)
             Began as a Demonspawn Fighter on Dec 8, 2021.
             Quit the game on level 3 of the Dungeon.
             The game lasted 00:10:49 (2805 turns).

yoda5477 the Slasher (Demonspawn Fighter)           Turns: 2805, Time: 00:10:50

Health: 41/41      AC:  8    Str: 18    XL:     5   Next: 1%
Magic:  5/5        EV:  9    Int: 10    God:
Gold:   60         SH:  4    Dex: 12    Spells: 4/4 levels left

rFire   . . .      SeeInvis .   a - +0 long sword
rCold   . . .      Faith    .   c - +0 buckler
rNeg    . . .      Spirit   .   b - +0 scale mail
rPois   .          Reflect  .   x - +1 helmet
rElec   .          Harm     .   (no cloak)
rCorr   .          Rampage  .   (no gloves)
Will    .....                   (no boots)
Stlth   ..........              (no amulet)
HPRegen 0.13/turn               (no ring)
MPRegen 0.09/turn               (no ring)

@: no status effects
A: foul stench 1, demonic touch 2
a: no special abilities


You were on level 3 of the Dungeon.
You visited 1 branch of the dungeon, and saw 4 of its levels.

You collected 60 gold pieces.

Inventory:

Hand Weapons
 a - a +0 long sword (weapon)
 h - a +0 hunting sling
Missiles
 e - 4 boomerangs (quivered)
 j - 60 stones
 k - 25 arrows
 v - 24 sling bullets
Armour
 b - a +0 scale mail (worn)
 c - a +0 buckler (worn)
 x - a +1 helmet (worn)
Jewellery
 m - a ring of ice
Wands
 r - a wand of acid (10)
Scrolls
 f - 2 scrolls of identify {unknown}
 i - a scroll of magic mapping {unknown}
 n - 2 scrolls of fog {unknown}
 o - a scroll of silence {unknown}
 q - a scroll of teleportation {unknown}
 s - a scroll of enchant weapon {unknown}
 t - a scroll of noise {unknown}
 w - a scroll of blinking {unknown}
 y - a scroll of immolation {unknown}
Potions
 d - a potion of might
 g - 2 potions of curing {unknown}
 l - a potion of brilliance {unknown}
 p - 2 potions of attraction {unknown}
 u - a potion of degeneration {unknown}


   Skills:
 - Level 3.0 Fighting
 * Level 4.2 Long Blades
 - Level 2.6 Armour
 + Level 3.4 Shields


You had 4 spell levels left.
You didn't know any spells.
Your spell library contained the following spells:

 Spells                   Type           Power      Damage    Failure   Level
 Blink                    Tloc           0%         N/A       89%         2
 Manifold Assault         Tloc           0%         N/A       100%        5
 Storm Form               Tmut/Air       0%         N/A       100%        7


Dungeon Overview and Level Annotations

Branches:
Dungeon (4/15)
 Temple: D:4-7

Altars:


Innate Abilities, Weirdness & Mutations

You may rarely emit foul miasma when damaged in melee.
Your touch may inflict irresistible damage on your foes.


Message History

You finish putting on your +1 helmet.
Drop what? 24/52 slots (_ for help) (? for menu, Esc to quit)
You drop a +0 helmet.
Found a stone staircase leading down.
You see here 7 gold pieces.
You barely miss the quokka. The quokka closely misses you.
You hit the quokka.
The quokka is heavily wounded.
The quokka completely misses you.
You closely miss the quokka.
The quokka is heavily wounded.
The quokka twitches its whiskers.
You block the quokka's attack. The quokka closely misses you.
You barely miss the quokka.
The quokka is heavily wounded.
The quokka bites you.
You barely miss the quokka.
The quokka is heavily wounded.
The quokka barely misses you. You block the quokka's attack.
You barely miss the quokka.
The quokka is heavily wounded.
The quokka barely misses you.
You slash the quokka!
You kill the quokka!
You have reached level 5!
Your demonic ancestry asserts itself...
Your hands glow brighter with unholy energy.
You now have 52 gold pieces (gained 7).
Found 24 arrows.
The goblin shouts!
The goblin hits you but does no damage.
You barely miss the goblin. The goblin hits you but does no damage.
The goblin barely misses you.
You slash the goblin!
You kill the goblin!
p - 2 ruby potions;
y - a scroll labelled DOSO ZUICUSH You now have 60 gold pieces (gained 8).
Things that are here:
a +0 dagger; a goblin corpse Are you sure you want to abandon this character and quit the game? (Confirm with "yes".)

)......####+..+####......
..................#......
.......##................
..........#..............
......................(..
..........#........>.....
........###..#...........
........# #......).......
........###.....@........
.........................
.........................
.........................
.........................
.....#...................
.....#...................
.....#......#####.......
.....######## ..


There were no monsters in sight!

Vanquished Creatures
  Terence (D:2)
  An orc wizard (D:3)
  3 gnolls
  An adder (D:2)
  2 orcs (D:2)
  5 bats
  8 endoplasms
  3 giant cockroaches
  3 goblins
  3 hobgoblins (D:1)
  5 kobolds
  2 quokkas
  9 ball pythons
  A frilled lizard (D:2)
47 creatures vanquished.

Vanquished Creatures (others)
  2 plants (D:2)
2 creatures vanquished.

Grand Total: 49 creatures vanquished

Notes
Turn   | Place    | Note
-------+----------+-------------------------------------------
     0 | D:1      | yoda5477 the Demonspawn Fighter began the quest for the
                  | Orb.
     0 | D:1      | Reached XP level 1. HP: 18/18 MP: 1/1
    45 | D:1      | Reached skill level 2 in Long Blades
   252 | D:1      | Gained mutation: Your touch may inflict minor irresistible
                  | damage on your foes. [demonic ancestry]
   252 | D:1      | Reached XP level 2. HP: 22/24 MP: 2/2
   994 | D:2      | Reached XP level 3. HP: 23/29 MP: 3/3
  1174 | D:2      | Noticed Terence
  1189 | D:2      | Killed Terence
  1190 | D:2      | Reached skill level 3 in Long Blades
  1618 | D:2      | Gained mutation: You may rarely emit foul miasma when
                  | damaged in melee. [demonic ancestry]
  1618 | D:2      | Reached XP level 4. HP: 35/35 MP: 4/4
  2656 | D:3      | Reached skill level 4 in Long Blades
  2792 | D:3      | Gained mutation: Your touch may inflict irresistible damage
                  | on your foes. [demonic ancestry]
  2792 | D:3      | Reached XP level 5. HP: 41/41 MP: 5/5
  2805 | D:3      | Quit the game

Illustrated notes

Levels and vault maps discovered:
D:1:      nzn_arrival_crosshair, layout_basic
D:2:      layout_basic, serial_forest, infiniplex_forest_straight_4,
          infiniplex_forest_clump_medium, infiniplex_forest_lined_room_3,
          infiniplex_forest_clump_curved, infiniplex_forest_clump_small,
          infiniplex_forest_clump_long, infiniplex_forest_straight_4,
          chequers_mini_garden, uniq_terence
D:3:      layout_basic, minmay_fractal_squares_diagonal_5,
          uniq_crazy_yiuf_cottage
D:4:      layout_basic, nemelex_dance_club_becter, gammafunk_ghost_stat_death,
          serial_shops, nicolae_shop_trees, serial_bayou_pond_b

Skill      XL: |  1  2  3  4 |
---------------+-------------+-----
Long Blades    | 2 3 4 |  4.2
Shields        | 3 |  3.4
Fighting       | |  3.0
Armour         | |  2.6

Action                   |  1- 3 |  4- 6 || total
-------------------------+-------+-------++-------
Melee: Long sword        |    99 |    57 ||   156
Armor: Scale mail        |    28 |    21 ||    49
Dodge: Dodged            |    56 |    29 ||    85
Block: Buckler           |    21 |    12 ||    33

Table legend: (Time is in decaauts)
 A = Elapsed time spent in this place.
 B = Non-inter-level travel time spent in this place.
 C = Inter-level travel time spent in this place.
 D = Time resting spent in this place.
 E = Time spent auto-exploring this place.
 F = Levels seen in this place.
 G = Mean time per level.
                   A        B        C        D        E       F      G
               +--------+--------+--------+--------+--------+-----+--------+
         Total |   2855 |   2799 |     56 |    876 |   1300 |   4 |  713.8 |
       Dungeon |   2855 |   2799 |     56 |    876 |   1300 |   4 |  713.8 |
               +--------+--------+--------+--------+--------+-----+--------+

Top non-repeatable levels by time:
     D:2: 1358 daAuts
     D:1: 995 daAuts
     D:3: 500 daAuts
     D:4: 1 daAuts
